 Dungeon Crawl Stone Soup version 0.30.1-11-g7821555f0a (webtiles) character file.

Game seed: 12542755708173846882

2723 booth the Cleaver (level 9, -17/83 HPs)
             Began as a Hill Orc Monk on Nov 27, 2023.
             Was a Priest of Beogh.
             Demolished by a large slime creature (36 damage)
             ... on level 7 of the Dungeon.
             The game lasted 00:40:46 (7403 turns).

booth the Cleaver (Hill Orc Monk)                   Turns: 7403, Time: 00:40:47

Health: -17/83     AC: 15    Str: 18    XL:     9   Next: 67%
Magic:  9/9        EV: 12    Int: 16    God:    Beogh [***...]
Gold:   354        SH:  0    Dex: 13    Spells: 8/8 levels left

rFire   . . .        z - +5 hand axe
rCold   . . .        (no shield)
rNeg    + . .        y - +2 leather armour {rN+}
rPois   .            m - +2 helmet {SInv}
rElec   .            g - +2 cloak
rCorr   .            C - +0 pair of gloves
SInv    +            (no boots)
Will    +....        i - amulet of the acrobat
Stlth   +            o - +6 ring of intelligence
HPRegen 0.33/turn    (no ring)
MPRegen 0.11/turn

%: acrobat
@: no status effects
A: iridescent scales 1, strong-willed 1, wild magic 1
a: Renounce Religion, Smiting


You were on level 7 of the Dungeon.
You worshipped Beogh.
Beogh was most pleased with you.
You visited 1 branch of the dungeon, and saw 7 of its levels.

You collected 354 gold pieces.

Inventory:

Hand Weapons
 a - a +2 hand axe
 z - a +5 hand axe (weapon)
Missiles
 p - 3 boomerangs (quivered)
 q - 6 poisoned darts
 I - 11 javelins
Armour
 d - an orb of light
 g - a +2 cloak (worn)
 m - a +2 helmet of see invisible (worn)
 w - a +1 ring mail of fire resistance
 y - a +2 leather armour of positive energy (worn)
 C - a +0 pair of gloves (worn)
 G - a +1 ring mail of willpower
Jewellery
 i - an amulet of the acrobat (around neck)
 k - a ring of positive energy
 o - a +6 ring of intelligence (left hand)
Wands
 s - a wand of acid (10)
 v - a wand of polymorph (11)
Scrolls
 b - 5 scrolls of teleportation
 j - 2 scrolls of torment
 u - a scroll of magic mapping {unknown}
 A - 2 scrolls of blinking {unknown}
 D - a scroll of butterflies {unknown}
 E - a scroll of silence
 F - 3 scrolls of identify
 H - a scroll of amnesia
Potions
 c - a potion of ambrosia
 e - a potion of flight
 f - a potion of cancellation
 h - 2 potions of might
 l - 5 potions of curing
 n - 3 potions of brilliance
 t - a potion of haste
 x - 2 potions of attraction {unknown}
 B - a potion of lignification {unknown}


   Skills:
 + Level 9.1 Fighting
 + Level 11.9 Axes
 + Level 4.1 Throwing
 + Level 4.9 Armour
 - Level 2.4 Dodging


You had 8 spell levels left.
You didn't know any spells.
Your spell library contained the following spells:

 Spells                   Type           Power      Damage    Failure   Level
 Apportation              Tloc           0%         N/A       38%         1
 Necrotise                Necr           0%         1d4       38%         1
 Sandblast                Erth           0%         2d4       38%         1
 Summon Small Mammal      Summ           0%         N/A       38%         1
 Ensorcelled Hibernation  Hex/Ice        0%         N/A       50%         2
 Passwall                 Tmut/Erth      0%         N/A       50%         2
 Spider Form              Tmut/Pois      0%         N/A       73%         3
 Stone Arrow              Conj/Erth      0%         3d7       73%         3
 Anguish                  Hex/Necr       0%         N/A       98%         4


Dungeon Overview and Level Annotations

Branches:
Dungeon (7/15)             Temple (0/1) D:6

Altars:
Ashenzari
Elyvilon
Vehumet

Shops:
D:6 [


Innate Abilities, Weirdness & Mutations

You are partially covered in iridescent scales. (AC +2)
You are strong-willed. (Will+)
Your spells are a little harder to cast, but a little more powerful.


Message History

The slime creature hits you.
* * * LOW HITPOINT WARNING * * *
Your orc hits the large slime creature with a +0 short sword.
You climb upwards.
There is a stone staircase leading down here.
You barely miss the slime creature.
The slime creature is severely wounded.
You hit the slime creature. The slime creature closely misses you.
The slime creature barely misses you.
Your orc hits the slime creature with a +0 hand axe. x2
You slash the slime creature!
You kill the slime creature!
Beogh accepts your kill.
Your orc looks more experienced.
You slash the slime creature!
Your orc warrior hits the slime creature with a +0 hand axe!
Your Fighting skill increases to level 9!
Your Throwing skill increases to level 4!
You slash the slime creature!
The slime creature is almost dead.
The slime creature barely misses you.
Your orc warrior hits the slime creature with a +0 hand axe!
The slime creature dies!
Beogh accepts your kill.
Your orc warrior looks more experienced.
There is a stone staircase leading down here.
You start resting.
HP restored.
You climb downwards.
The large slime creature hits you!!
There is a stone staircase leading up, spattered with blood here.
You slash the large slime creature!
The large slime creature is lightly wounded.
The large slime creature hits you!!
* * * LOW HITPOINT WARNING * * *
Your orc hits the large slime creature with a +0 short sword.
You hit the large slime creature.
The large slime creature is moderately wounded.
Your orc warrior barely misses the large slime creature.
The large slime creature hits you!!!
You die...

.# . ##.
#.. #.#
#.# #.#
#@#
#....oJo#
#.?$..).#
...###.###
.. .. ...
... ..#.


You could see a large slime creature (ally target), a friendly orc warrior and a
friendly orc.

Vanquished Creatures
  A troll (D:5)
  Grinder (D:5)
  2 slime creatures
  Menkaure (D:5)
  A water moccasin (D:5)
  A black bear (D:5)
  An ogre (D:5)
  2 centaurs (D:5)
  Blork the orc (D:4)
  4 scorpions
  Dowan (D:4)
  A howler monkey (D:5)
  5 hounds
  4 jellies
  Ijyb (D:4)
  4 sleepcaps (D:5)
  4 iguanas
  3 orc wizards
  A gnoll (D:6)
  3 river rats (D:4)
  8 adders
  3 ufetubi (D:5)
  A worm (D:4)
  2 dart slugs
  13 orcs
  2 bats (D:2)
  7 endoplasms
  4 giant cockroaches
  15 goblins
  11 hobgoblins
  2 jackals (D:4)
  A quokka (D:1)
  9 ball pythons
  4 frilled lizards
  4 kobolds
  4 rats
132 creatures vanquished.

Vanquished Creatures (collateral kills)
  A slime creature (D:6)
  A centaur (D:6)
  A bullfrog (D:6)
  A hound (D:6)
  An orc wizard (D:6)
  An orc (D:6)
  A goblin (D:6)
  2 hobgoblins (D:6)
  A kobold (D:6)
10 creatures vanquished.

Vanquished Creatures (others)
  An orc warrior (D:7)
  Duvessa (D:4)
  An orc priest (D:4)
  2 orc wizards (D:4)
  An adder (D:4)
  12 orcs
18 creatures vanquished.

Grand Total: 160 creatures vanquished

Notes
Turn   | Place    | Note
-------+----------+-------------------------------------------
     0 | D:1      | booth the Hill Orc Monk began the quest for the Orb.
     0 | D:1      | Reached XP level 1. HP: 19/19 MP: 1/1
   176 | D:1      | Reached XP level 2. HP: 27/27 MP: 2/2
   754 | D:2      | Reached skill level 5 in Axes
   754 | D:2      | Reached XP level 3. HP: 33/33 MP: 3/3
  1128 | D:2      | Reached XP level 4. HP: 35/41 MP: 4/4
  1132 | D:2      | Reached skill level 6 in Axes
  1575 | D:2      | Identified a scroll of acquirement
  1575 | D:2      | Acquired a +2 helmet of see invisible
  1676 | D:3      | Found a broken altar of Ashenzari.
  2152 | D:3      | Found a faded altar of an unknown god.
  2282 | D:3      | Gained mutation: Your spells are a little harder to cast,
                  | but a little more powerful. [potion of mutation]
  2282 | D:3      | Gained mutation: You are partially covered in iridescent
                  | scales. (AC +2) [potion of mutation]
  2282 | D:3      | Gained mutation: You are strong-willed. (Will+) [potion of
                  | mutation]
  2407 | D:4      | You fall into a shaft and drop 1 floor!
  2407 | D:5      | Entered Level 5 of the Dungeon
  2424 | D:5      | Reached XP level 5. HP: 47/47 MP: 5/5
  2425 | D:5      | Noticed a water moccasin
  2449 | D:5      | Killed a water moccasin
  2450 | D:5      | Reached skill level 5 in Fighting
  2450 | D:5      | Reached skill level 7 in Axes
  2450 | D:5      | Reached XP level 6. HP: 24/56 MP: 6/6
  2695 | D:4      | Became a worshipper of Beogh the Brigand
  2695 | D:4      | Reached * piety under Beogh
  2695 | D:4      | Reached ** piety under Beogh
  2710 | D:4      | Noticed Dowan
  2753 | D:4      | Noticed Ijyb
  2777 | D:4      | Killed Duvessa
  2970 | D:4      | Killed Ijyb
  3405 | D:4      | Noticed Blork the orc
  3445 | D:4      | Killed Blork the orc
  3446 | D:4      | Reached skill level 8 in Axes
  3589 | D:4      | Killed Dowan
  3590 | D:4      | Reached XP level 7. HP: 14/63 MP: 7/7
  4061 | D:5      | Noticed Menkaure
  4077 | D:5      | Killed Menkaure
  4078 | D:5      | Reached skill level 9 in Axes
  4568 | D:5      | Reached skill level 10 in Axes
  4583 | D:5      | Reached XP level 8. HP: 73/73 MP: 8/8
  4601 | D:5      | Found a radiant altar of Vehumet.
  4602 | D:5      | Noticed Grinder
  4624 | D:5      | Killed Grinder
  4625 | D:5      | Reached skill level 1 in Throwing
  4625 | D:5      | Reached skill level 1 in Armour
  4978 | D:5      | Reached skill level 11 in Axes
  4990 | D:5      | Reached XP level 9. HP: 78/81 MP: 9/9
  5002 | D:5      | Noticed a troll
  5017 | D:5      | Killed a troll
  5500 | D:6      | Found a white marble altar of Elyvilon.
  5607 | D:6      | Found Izor's Armour Boutique.
  5866 | D:6      | Found a staircase to the Ecumenical Temple.
  5947 | D:6      | Reached *** piety under Beogh
  7207 | D:7      | HP: 3/82 [slime creature (13)]
  7403 | D:7      | Demolished by a large slime creature

Illustrated notes

Levels and vault maps discovered:
D:1:      minmay_arrival_widening_spiral_wide, layout_loops_ring
D:2:      layout_loops_ring, guppyfry_early_orc_mine
D:3:      layout_loops_ring, mainiacjoe_overflow_six_doors_small,
          ebering_ecumenical_altar_hall, hangedman_glass_teeth
D:4:      layout_basic, gup_sewer_entry_spiral, minmay_misc_feat_roman,
          uniq_blork_the_orc, uniq_duvessa, uniq_ijyb
D:5:      kennysheep_windowed_halls, layout_cave_pools,
          mainiacjoe_overflow_catwalk, uniq_grinder, uniq_menkaure
D:6:      corexii_shantytown, layout_gridville, nicolae_elyvilon_temple_path,
          temple_pool_b, nicolae_inconvenience_store
D:7:      layout_rooms, serial_rivers, chequers_serial_rivers_micro_a,
          chequers_serial_rivers_marsh, chequers_serial_rivers_micro_a,
          chequers_serial_rivers_room_b, hangedman_decor_opposing,
          grunt_ministairs_11, uniq_pikel

Skill      XL: |  1  2  3  4  5  6  7  8  9 |
---------------+----------------------------+-----
Fighting       | 4 5 6 7 8 9 |  9.1
Axes           | 5 6 7 8 10 11 | 11.9
Throwing       | 2 4 |  4.1
Armour         | 3 4 |  4.9
Dodging        | |  2.4

Action                     |  1- 3 |  4- 6 |  7- 9 || total
---------------------------+-------+-------+-------++-------
  Melee: Hand axe          |    98 |   169 |   241 ||   508
         Punch             |       |     1 |     4 ||     5
  Throw: Boomerang         |       |    16 |    28 ||    44
 Invoke: Convert to Beogh  |       |     1 |       ||     1
         Smiting           |       |       |     1 ||     1
    Use: Scroll            |     2 |     8 |     7 ||    17
         Potion            |     1 |     4 |     2 ||     7
   Stab: Distracted        |       |       |     2 ||     2
 Armour: Robe              |    13 |       |       ||    13
         Leather armour    |     8 |    48 |    85 ||   141
  Dodge: Dodged            |    57 |    80 |   136 ||   273
